 Dungeon Crawl Stone Soup version 0.27.0-1-g7a089689b8 (webtiles) character file.

Game seed: 2374880781155663734

93 Zdeegee the Magician (level 4, 0/28 HPs)
             Began as an Octopode Hedge Wizard on Aug 8, 2021.
             Slain by Crazy Yiuf (11 damage)
             ... on level 3 of the Dungeon.
             The game lasted 00:06:23 (4417 turns).

Zdeegee the Magician (Octopode Hedge Wizard)        Turns: 4417, Time: 00:06:24

Health: 0/28       AC:  1    Str:  9    XL:     4   Next: 61%
Magic:  6/9        EV: 13    Int: 17    God:
Gold:   81         SH:  0    Dex: 11    Spells: 2/10 levels left

rFire    . . .     SeeInvis .   a - +0 short sword (flame)
rCold    + . .     Faith    .   (no shield)
rNeg     . . .     Spirit   .   b - +0 hat
rPois    .         Reflect  .   (no amulet)
rElec    .         Harm     .   g - ring of protection from cold
rCorr    .         Rampage  .   (no ring)
Will     .....                  (no ring)
Stlth    +++.......             (no ring)
HPRegen  0.09/turn              (no ring)
MPRegen  0.11/turn              (no ring)
                                (no ring)
                                (no ring)

@: no status effects
A: almost no armour, amphibious, 8 rings, camouflage 1, gelatinous body 1,
(nimble swimmer 1), tentacles
a: no special abilities


You were on level 3 of the Dungeon.
You visited 1 branch of the dungeon, and saw 3 of its levels.

You collected 81 gold pieces.

Inventory:

Hand Weapons
 a - a +0 short sword of flaming (weapon)
 e - a +0 short sword
 o - a +0 dagger
Armour
 b - a +0 hat (worn)
Magical Staves
 d - a staff of fire
Jewellery
 g - a ring of protection from cold (left tentacle)
Scrolls
 c - a scroll of teleportation
 i - a scroll of fog {unknown}
 k - a scroll of immolation {unknown}
 l - a scroll of blinking {unknown}
 m - a scroll of amnesia {unknown}
 p - a scroll of enchant armour {unknown}
Potions
 f - 3 potions of heal wounds {unknown}
 h - 3 potions of curing
 j - a potion of cancellation {unknown}
 n - a potion of ambrosia {unknown}


   Skills:
 * Level 1.5 Fighting
 + Level 0.3 Short Blades
 + Level 2.0 Dodging
 + Level 2.7 Stealth
 * Level 3.8 Spellcasting
 * Level 2.0 Conjurations
 * Level 1.2 Summonings
 + Level 1.0 Translocations
 * Level 0.6 Invocations
 * Level 1.0 Evocations


You had 2 spell levels left.
You knew the following spells:

 Your Spells              Type           Power      Damage    Failure   Level
a - Magic Dart            Conj           40%        1d5       7%          1
b - Blink                 Tloc           N/A        N/A       16%         2
c - Call Imp              Summ           7%         N/A       16%         2
d - Mephitic Cloud        Conj/Pois/Air  5%         N/A       36%         3

Your spell library contained the following spells:

 Spells                   Type           Power      Damage    Failure   Level
 Summon Small Mammal      Summ           28%        N/A       10%         1
 Beastly Appendage        Tmut           6%         N/A       16%         1
 Slow                     Hex            3%         N/A       24%         2
 Wereblood                Tmut           3%         N/A       24%         2
 Call Canine Familiar     Summ           7%         N/A       30%         3
 Conjure Flame            Conj/Fire      6%         6-21      32%         3
 Summon Guardian Golem    Hex/Summ       5%         N/A       36%         3
 Spider Form              Tmut/Pois      1%         N/A       43%         3


Dungeon Overview and Level Annotations

Branches:
Dungeon (3/15)

Altars:

Annotations:
D:3 Crazy Yiuf


Innate Abilities, Weirdness & Mutations

You cannot wear most types of armour.
You are amphibious.
You can wear up to eight rings at the same time.
Your skin changes colour to match your surroundings (Stealth+).
Your rubbery body absorbs attacks. (AC +1, EV +1)
((You are camouflaged near water. (Stealth+)))
You have tentacles for arms and can constrict up to eight enemies at once.


Message History

You constrict the fungus.
A nearby fungus withers and dies.
You lose your grip on the fungus.
You hit the fungus.
The fungus begins to die.
You burn the fungus. You grab the fungus. You squeeze the fungus!
The fungus is lightly damaged.
You constrict the fungus. You hit the fungus. You burn the fungus.
The fungus is lightly damaged.
You constrict the fungus. You hit the fungus. You burn the fungus.
You squeeze the fungus.
The fungus is lightly damaged.
You constrict the fungus. You hit the fungus. You burn the fungus.
The fungus is lightly damaged.
You constrict the fungus.
A nearby fungus withers and dies.
You lose your grip on the fungus.
Found a mace.
Found a runed translucent door.
You open the door.
There is an open translucent door here.
The helpless Crazy Yiuf fails to defend himself.
You hit Crazy Yiuf. You burn Crazy Yiuf. You grab Crazy Yiuf.
Crazy Yiuf is moderately wounded.
You constrict Crazy Yiuf. Crazy Yiuf closely misses you.
Casting: Magic Dart (safe; 7% risk of failure)
Confirm with . or Enter, or press ? or * to list all spells.
A beastly little devil appears in a puff of flame.
You constrict Crazy Yiuf.
Crazy Yiuf hits you with a +4 quarterstaff of chaos!
Ouch! That really hurt!
Crazy Yiuf freezes you.
You release your grip on Crazy Yiuf.
Your crimson imp barely misses Crazy Yiuf.
Your crimson imp barely misses Crazy Yiuf.
There is an open translucent door here.
Crazy Yiuf sings, "Trees, trees, trees, circus!"
Casting: Call Imp (safe; 16% risk of failure)
Confirm with . or Enter, or press ? or * to list all spells.
A beastly little devil appears in a puff of flame.
Crazy Yiuf hits you with a +4 quarterstaff of chaos!
You die...

# #.#...# ♣♣5♣ ######.#..### #
#.#...# ♣.♣♣ #......#.....
#####.#...# ♣♣.♣ #.#........##
......#...# ♣.♣♣ #......#.....
..........# ♣♣.♣♣ #(...........
.<........# ♣.P.♣♣ #.#.#...#..##
....####### ♣PP♣5♣ #.......#..##
#>........# #...g# #............
#.......#####...@#####.######..##
#.......##.....................##
#.......##........5.....######.##
#.......##.####.........#<.....##
#.......##.####....#.#..########.
#.......'........................
#.......##.#####.#####...#######.
##########.# #.....'...# #b#.
#.#####.#####...# ###.##


You could see Crazy Yiuf (ally target) and 2 friendly crimson imps.

Vanquished Creatures
  An adder (D:2)
  2 worms (D:3)
  2 dart slugs (D:2)
  An orc (D:3)
  6 ball pythons
  6 endoplasms
  A giant cockroach (D:3)
  A goblin (D:1)
  6 hobgoblins
  6 jackals
  5 kobolds
  2 quokkas (D:1)
  2 bats (D:1)
  5 frilled lizards
  4 rats
50 creatures vanquished.

Vanquished Creatures (collateral kills)
  A gnoll (D:1)
  An adder (D:2)
  A ball python (D:2)
  2 endoplasms
  A kobold (D:1)
6 creatures vanquished.

Vanquished Creatures (others)
  2 fungi (D:3)
2 creatures vanquished.

Grand Total: 58 creatures vanquished

Notes
Turn   | Place    | Note
-------+----------+-------------------------------------------
     0 | D:1      | Zdeegee the Octopode Hedge Wizard began the quest for the
                  | Orb.
     0 | D:1      | Reached XP level 1. HP: 11/11 MP: 4/4
   398 | D:1      | Reached XP level 2. HP: 13/18 MP: 1/6
   510 | D:1      | Learned a level 2 spell: Blink
   513 | D:1      | Learned a level 2 spell: Call Imp
  1489 | D:1      | Found a faded altar of an unknown god.
  1498 | D:1      | Reached XP level 3. HP: 22/22 MP: 2/7
  2030 | D:1      | Reached skill level 1 in Fighting
  2230 | D:1      | Learned a level 3 spell: Mephitic Cloud
  2395 | D:2      | Reached XP level 4. HP: 26/28 MP: 2/9
  3890 | D:3      | Reached skill level 1 in Evocations
  4396 | D:3      | Found a runed translucent door.
  4397 | D:3      | Noticed Crazy Yiuf
  4417 | D:3      | Slain by Crazy Yiuf

Illustrated notes

Levels and vault maps discovered:
D:1:      wander_arrival_desolate, layout_basic,
          shapermc_ecumenical_altar_totnotflames
D:2:      layout_rooms
D:3:      layout_basic, serial_aquarium, aquarium_bridge_island_small
          [aquarium_subvault_small_open, aquarium_subvault_bridge,
          aquarium_subvault_balcony, aquarium_subvault_wall,
          aquarium_subvault_wall], aquarium_window_2, aquarium_window_1,
          aquarium_view_2e, uniq_crazy_yiuf_cottage

Skill      XL: |  1  2  3  4 |
---------------+-------------+-----
Fighting       | 1 |  1.5
Evocations     | 1 |  1.0
Conjurations   | 2 |  2.0
Short Blades   | |  0.3
Dodging        | |  2.0
Stealth        | |  2.7
Spellcasting   | |  3.8
Summonings     | |  1.2
Translocations | |  1.0
Invocations    | |  0.6

Action                   |  1- 3 |  4- 6 || total
-------------------------+-------+-------++-------
Melee: Dagger            |    20 |       ||    20
       Tentacles         |     5 |     9 ||    14
       Constrict         |    10 |     8 ||    18
       Short sword       |    24 |    28 ||    52
 Cast: Magic Dart        |    73 |    54 ||   127
       Call Imp          |     9 |     2 ||    11
  Use: Potion            |     1 |       ||     1
       Scroll            |       |     1 ||     1
 Stab: Sleeping          |     1 |     2 ||     3
Armor: Skin              |     1 |     1 ||     2
Dodge: Dodged            |    35 |    26 ||    61
